 Dungeon Crawl Stone Soup version 0.30-a0-292-g0f741e3f8e (webtiles) character file.

Game seed: 3156858495642596189

404 pokeman the Magician (level 6, 0/34 HPs)
             Began as a Deep Elf Hedge Wizard on Oct 18, 2022.
             Slain by Pikel
             ... wielding a +2 whip of freezing
              (7 damage)
             ... on level 4 of the Dungeon.
             The game lasted 00:08:12 (4083 turns).

pokeman the Magician (Deep Elf Hedge Wizard)        Turns: 4083, Time: 00:08:12

Health: 0/34       AC:  4    Str:  7    XL:     6   Next: 56%
Magic:  4/18       EV: 12    Int: 27    God:
Gold:   188        SH:  0    Dex: 14    Spells: 11/19 levels left

rFire   + . .      SeeInvis .    s - +2 dagger (elec)
rCold   x . .      Faith    .    (no shield)
rNeg    . . .      Spirit   .    m - +0 leather armour
rPois   .          Reflect  .    c - +0 hat
rElec   .          Harm     .    (no cloak)
rCorr   .          Rampage  .    (no gloves)
Will    .....                    a - +0 pair of boots
Stlth   ++........               (no amulet)
HPRegen 0.25/turn                o - ring of fire
MPRegen 0.16/turn                p - +6 ring of intelligence

@: very slightly contaminated
A: no striking features
a: no special abilities


You were on level 4 of the Dungeon.
You visited 1 branch of the dungeon, and saw 4 of its levels.

You collected 188 gold pieces.

Inventory:

Hand Weapons
 s - a +2 dagger of electrocution (weapon)
Armour
 a - a +0 pair of boots (worn)
 c - a +0 hat (worn)
 m - a +0 leather armour (worn)
Magical Staves
 f - a staff of poison
Jewellery
 o - a ring of fire (left hand)
 p - a +6 ring of intelligence (right hand)
Wands
 r - a wand of flame (28)
Scrolls
 b - 3 scrolls of silence {unknown}
 g - a scroll of noise {unknown}
 h - a scroll of fear {unknown}
 l - a scroll of brand weapon {unknown}
 n - 3 scrolls of magic mapping {unknown}
 q - a scroll of teleportation {unknown}
Potions
 d - 2 potions of magic
 e - 3 potions of curing {unknown}
 i - 2 potions of lignification {unknown}
 j - a potion of flight {unknown}
 k - a potion of ambrosia {unknown}


   Skills:
 - Level 1.0 Fighting
 - Level 1.0 Armour
 - Level 3.0 Dodging
 - Level 3.0 Stealth
 * Level 7.2 Spellcasting
 + Level 3.2 Conjurations
 - Level 1.1 Summonings
 - Level 1.1 Translocations
 - Level 1.3 Air Magic
 + Level 0.9 Poison Magic
 + Level 1.9 Evocations


You had 11 spell levels left.
You knew the following spells:

 Your Spells              Type           Power      Damage    Failure   Level
a - Magic Dart            Conj           100%       1d8       2%          1
b - Mephitic Cloud        Conj/Pois/Air  19%        N/A       12%         3
c - Call Imp              Summ           15%        N/A       8%          2
d - Blink                 Tloc           30%        N/A       8%          2

Your spell library contained the following spells:

 Spells                   Type           Power      Damage    Failure   Level
 Slow                     Hex            36%        N/A       9%          1
 Cigotuvi's Dreadful Rot  Necr/Pois/Air  26%        N/A       10%         2
 Kindle Blastsparks       Fire/Tloc/Air  42%        2d13      19%         3
 Iskenderun's Mystic Bla  Conj/Tloc      21%        2d6       32%         4
 Fulminant Prism          Conj/Hex       9%         3d7       38%         4
 Summon Lightning Spire   Summ/Air       16%        N/A       45%         4
 Lee's Rapid Deconstruct  Erth           4%         3d5*      93%         5
 Storm Form               Tmut/Air       6%         N/A       100%        7
 Maxwell's Capacitive Co  Air            8%         ∞         100%        8


Dungeon Overview and Level Annotations

Branches:
Dungeon (4/15)
 Temple: D:4-7

Altars:
Dithmenos
Trog

Annotations:
D:4 Duvessa, Pikel


Message History

Aim: Pikel, wielding a +2 whip of freezing, wearing a +0 robe and carrying a wand of iceblast (4) (purple smoke, heavily wounded, confused, chance to affect: 72%) That beam is likely to hit you.
Continue anyway?
The ball explodes into a vile cloud!
The stinking cloud engulfs Pikel but does no damage.
Pikel is heavily wounded.
The stinking cloud engulfs you but does no damage.
The stinking cloud engulfs the lemure but does no damage.
The lemure is moderately wounded.
You are engulfed in noxious fumes.
You choke on the stench!
You are confused.
Pikel says, "I'm a little confused."
Pikel closely misses you.
Pikel hits himself with a +2 whip of freezing!
Pikel freezes himself.
The lemure is engulfed in noxious fumes.
The lemure appears confused.
The lemure hits Pikel but does no damage.
Unknown command.
You feel less confused.
The lemure is engulfed in noxious fumes.
The lemure appears confused.
Unknown command.
You hit Pikel but do no damage.
Pikel is almost dead.
You hear a shout!
Pikel hits you with a +2 whip of freezing.
Pikel freezes you.
You hit Pikel but do no damage.
Pikel is almost dead.
Pikel hits you with a +2 whip of freezing.
* * * LOW HITPOINT WARNING * * *
Pikel freezes you.
* * * LOW HITPOINT WARNING * * *
Unknown command.
You hit Pikel but do no damage.
Pikel is almost dead.
Pikel seems less confused.
You hear a shout!
Pikel hits you with a +2 whip of freezing!
You die...

####### ########
..5.... #......#
....... #......#
....... #......#
.......
#......##.......
+.....@K'5......
#......##.......
#......# ######.
#......###
#......†.#
########.# #.#
##.## ##### ##
##§§.#########....


You could see Pikel and a lemure (confused).

Vanquished Creatures
  Sigmund (D:3)
  3 lemures (D:4)
  A gnoll bouda (D:2)
  8 gnolls
  2 adders
  A worm (D:2)
  A dart slug (D:1)
  2 endoplasms
  A giant cockroach (D:2)
  8 goblins
  2 hobgoblins
  5 kobolds
  5 quokkas
  6 ball pythons
  5 bats
  4 frilled lizards
  9 rats
64 creatures vanquished.

Vanquished Creatures (collateral kills)
  Dowan (D:4)
  A gnoll (D:2)
2 creatures vanquished.

Vanquished Creatures (others)
  47 plants (D:3)
47 creatures vanquished.

Grand Total: 113 creatures vanquished

Notes
Turn   | Place    | Note
-------+----------+-------------------------------------------
     0 | D:1      | pokeman the Deep Elf Hedge Wizard began the quest for the
                  | Orb.
     0 | D:1      | Reached XP level 1. HP: 10/10 MP: 7/7
   363 | D:1      | Reached XP level 2. HP: 16/16 MP: 4/9
  1195 | D:2      | Reached skill level 5 in Spellcasting
  1195 | D:2      | Reached XP level 3. HP: 14/20 MP: 1/11
  1206 | D:1      | Learned a level 3 spell: Mephitic Cloud
  1209 | D:1      | Learned a level 2 spell: Call Imp
  1212 | D:1      | Learned a level 2 spell: Blink
  1440 | D:2      | Reached skill level 1 in Fighting
  1440 | D:2      | Reached skill level 1 in Armour
  1922 | D:2      | Reached XP level 4. HP: 25/25 MP: 10/13
  2302 | D:2      | Reached skill level 6 in Spellcasting
  2732 | D:3      | Noticed Sigmund
  2836 | D:3      | Reached XP level 5. HP: 29/29 MP: 8/15
  3244 | D:3      | Killed Sigmund
  3245 | D:3      | Reached skill level 1 in Air Magic
  3245 | D:3      | Reached skill level 1 in Evocations
  3245 | D:3      | Reached XP level 6. HP: 24/34 MP: 10/17
  3251 | D:3      | Reached skill level 7 in Spellcasting
  3728 | D:4      | Noticed Dowan
  3741 | D:4      | Killed Dowan
  3748 | D:4      | Noticed Duvessa
  3964 | D:4      | Found a bloodstained altar of Trog.
  3985 | D:4      | Found a shadowy altar of Dithmenos.
  4036 | D:4      | Noticed Pikel
  4083 | D:4      | Slain by Pikel

Illustrated notes

Levels and vault maps discovered:
D:1:      dpeg_arrival_round_c, layout_basic
D:2:      layout_loops_ring
D:3:      layout_loops_ring, serial_bayou, serial_bayou_lagoon_a,
          serial_bayou_pond_e, serial_bayou_pond_d, serial_bayou_lake_a,
          serial_bayou_crossing, uniq_sigmund
D:4:      layout_basic, mainiacjoe_overflow_boulevard,
          grunt_dithmenos_smoke_and_mirrors, serial_shops, nicolae_shop_trees,
          uniq_pikel, uniq_duvessa, uniq_menkaure

Skill      XL: |  1  2  3  4  5  6 |
---------------+-------------------+-----
Spellcasting   | 5 6 7 |  7.2
Fighting       | 1 |  1.0
Armour         | 1 |  1.0
Conjurations   | 2 3 |  3.2
Stealth        | 3 |  3.0
Dodging        | 3 |  3.0
Air Magic      | 1 |  1.3
Evocations     | 1 |  1.9
Summonings     | |  1.1
Translocations | |  1.1
Poison Magic   | |  0.9

Action                   |  1- 3 |  4- 6 || total
-------------------------+-------+-------++-------
Melee: Dagger            |     2 |    24 ||    26
       Staff             |     4 |    23 ||    27
       Punch             |       |     2 ||     2
 Cast: Magic Dart        |   104 |    58 ||   162
       Mephitic Cloud    |     1 |    18 ||    19
       Call Imp          |       |     9 ||     9
 Stab: Confused          |       |     5 ||     5
Armor: Robe              |     3 |     4 ||     7
       Leather armour    |       |     2 ||     2
Dodge: Dodged            |    14 |    20 ||    34

Table legend: (Time is in decaauts)
 A = Elapsed time spent in this place.
 B = Non-inter-level travel time spent in this place.
 C = Inter-level travel time spent in this place.
 D = Time resting spent in this place.
 E = Time spent auto-exploring this place.
 F = Levels seen in this place.
 G = Mean time per level.
                   A        B        C        D        E       F      G
               +--------+--------+--------+--------+--------+-----+--------+
         Total |   4172 |   3985 |    187 |    328 |   3056 |   4 | 1043.0 |
       Dungeon |   4172 |   3985 |    187 |    328 |   3056 |   4 | 1043.0 |
               +--------+--------+--------+--------+--------+-----+--------+

Top non-repeatable levels by time:
     D:2: 1447 daAuts
     D:1: 1299 daAuts
     D:3: 1031 daAuts
     D:4: 393 daAuts
